 Dungeon Crawl Stone Soup version 0.29-a0-914-g906f1d757c (webtiles) character file.

Game seed: 6287778098402826737

57 Essalna the Sneak (level 4, -2/25 HPs)
             Began as a Kobold Enchanter on July 26, 2022.
             Slain by a gnoll
             ... wielding a +0 whip
              (5 damage)
             ... on level 2 of the Dungeon.
             The game lasted 00:03:23 (1404 turns).

Essalna the Sneak (Kobold Enchanter)                Turns: 1404, Time: 00:03:24

Health: -2/25      AC:  2    Str:  5    XL:     4   Next: 18%
Magic:  1/7        EV: 15    Int: 18    God:
Gold:   55         SH:  0    Dex: 15    Spells: 5/7 levels left

rFire   . . .      SeeInvis .   k - +1 dagger (flame)
rCold   . . .      Faith    .   (no shield)
rNeg    + . .      Spirit   .   b - +0 robe
rPois   .          Reflect  .   (no helmet)
rElec   .          Harm     .   (no cloak)
rCorr   .          Rampage  .   (no gloves)
Will    .....                   (no boots)
Stlth   ++++......              (no amulet)
HPRegen 0.08/turn               i - ring of positive energy
MPRegen 0.10/turn               (no ring)

@: invisible
A: small, no large weapons, nightstalker 3
a: no special abilities


You were on level 2 of the Dungeon.
You visited 1 branch of the dungeon, and saw 2 of its levels.

You collected 55 gold pieces.

Inventory:

Hand Weapons
 a - a +1 dagger
 j - a +1 short sword of venom
 k - a +1 dagger of flaming (weapon)
 l - a +2 short sword of electrocution
Armour
 b - a +0 robe (worn)
Jewellery
 i - a ring of positive energy (left hand)
Scrolls
 n - a scroll of enchant weapon {unknown}
 o - a scroll of noise {unknown}
 p - 3 scrolls of butterflies {unknown}
Potions
 c - a potion of invisibility
 d - a potion of brilliance {unknown}
 f - 2 potions of curing {unknown}
 g - 2 potions of resistance {unknown}
 h - a potion of lignification {unknown}


   Skills:
 + Level 1.4 Fighting
 + Level 2.4 Short Blades
 + Level 3.1 Dodging
 + Level 4.6 Stealth
 - Level 2.1 Spellcasting
 + Level 3.4 Hexes


You had 5 spell levels left.
You knew the following spells:

 Your Spells              Type           Power      Damage    Failure   Level
a - Ensorcelled Hibernat  Hex/Ice        16%        N/A       13%         2

Your spell library contained the following spells:

 Spells                   Type           Power      Damage    Failure   Level
 Slow                     Hex            56%        N/A       4%          1
 Confusing Touch          Hex            14%        N/A       13%         3
 Tukima's Dance           Hex            14%        N/A       13%         3
 Shock                    Conj/Air       4%         1d3       19%         1
 Dazzling Flash           Conj/Hex       16%        N/A       26%         3
 Swiftness                Air            1%         N/A       47%         3
 Vampiric Draining        Necr           1%         2d6       47%         3
 Airstrike                Air            0%         0-2+      87%         4


Dungeon Overview and Level Annotations

Branches:
Dungeon (2/15)

Altars:


Innate Abilities, Weirdness & Mutations

You are small and have problems with some larger weapons.
You are completely attuned to the shadows.


Message History

The adder is heavily wounded.
The adder misses you.
You hit the adder but do no damage.
The adder looks as sick as possible!
The adder is severely wounded.
The adder closely misses you.
Your magical contamination has completely faded away.
You barely miss the adder.
The adder is severely wounded.
The adder misses you.
You miss the adder.
The adder is severely wounded.
The adder barely misses you.
You closely miss the adder.
The adder is almost dead.
You kill the adder!
The gnoll attacks as you move away! The gnoll hits you with a +0 whip!
Casting: Ensorcelled Hibernation (safe; 13% risk of failure)
Confirm with . or Enter, or press ? or * to list all spells.
Aiming: Ensorcelled Hibernation (safe; 13% risk of failure)
Press: ? - help, Shift-Dir - straight line, f - gnoll
Aim: a gnoll, wielding a +0 whip (chance to affect: 50%)
The gnoll resists with some effort.
The gnoll misses you. The gnoll attacks as you move away!
The gnoll hits you with a +0 whip.
The air fills with toxic fumes!
As you read the scroll labelled IPNIEZXOHU, it crumbles to dust.
It was a scroll of poison.
The gnoll hits you with a +0 whip.
* * * LOW HITPOINT WARNING * * *
As you read the scroll labelled POEDENO NUET, it crumbles to dust.
It is a scroll of brand weapon.
Your +1 dagger of venom is engulfed in flames!
k - a +1 dagger of flaming (weapon)
The gnoll closely misses you.
The gnoll is engulfed in poison gas.
The gnoll is poisoned.
Casting: Ensorcelled Hibernation (safe; 13% risk of failure)
Confirm with . or Enter, or press ? or * to list all spells.
You don't have enough magic to cast this spell.
Okay, then.
You fade into invisibility!
The gnoll hits you with a +0 whip.
You die...

#.# #.# #.#
#.# #<# .#
#.# .# #.# .#
#†#
#########.###
#.#
#§@grg..†....
#.#
#§#######..#.
#.#####§#
#..♣
#.....§§# ...
######### ..


You could see 2 gnolls and a quokka (unable to see you).

Vanquished Creatures
  2 adders (D:2)
  2 dart slugs (D:1)
  2 giant cockroaches (D:1)
  4 goblins (D:1)
  7 hobgoblins (D:1)
  2 jackals (D:1)
  5 kobolds (D:1)
  2 ball pythons (D:1)
  2 bats (D:1)
  3 frilled lizards (D:1)
  3 rats (D:1)
34 creatures vanquished.

Notes
Turn   | Place    | Note
-------+----------+-------------------------------------------
     0 | D:1      | Essalna the Kobold Enchanter began the quest for the Orb.
     0 | D:1      | Reached XP level 1. HP: 10/10 MP: 3/3
   178 | D:1      | Reached XP level 2. HP: 11/16 MP: 5/5
   609 | D:1      | Reached skill level 1 in Fighting
   609 | D:1      | Reached XP level 3. HP: 12/20 MP: 6/6
   684 | D:1      | Found a faded altar of an unknown god.
   692 | D:1      | Learned a level 2 spell: Ensorcelled Hibernation
  1232 | D:2      | Reached XP level 4. HP: 18/25 MP: 7/7
  1404 | D:2      | Slain by a gnoll

Illustrated notes

Levels and vault maps discovered:
D:1:      psy_arrival_radial01, layout_basic, ebering_ecumenical_altar_abandoned
D:2:      layout_loops_ring, grunt_ministairs_2, uniq_crazy_yiuf_cottage,
          uniq_sigmund

Skill      XL: |  1  2  3 |
---------------+----------+-----
Short Blades   | 2 |  2.4
Fighting       | 1 |  1.4
Dodging        | 3 |  3.1
Stealth        | |  4.6
Spellcasting   | |  2.1
Hexes          | |  3.4

Action                   |  1- 3 |  4- 6 || total
-------------------------+-------+-------++-------
Melee: Dagger            |    90 |     9 ||    99
       Short sword       |    15 |       ||    15
       Punch             |     2 |       ||     2
 Cast: Ensorcelled Hiber |     1 |     3 ||     4
  Use: Scroll            |       |     2 ||     2
       Potion            |       |     1 ||     1
 Stab: Sleeping          |     8 |       ||     8
       Distracted        |     1 |       ||     1
Armor: Robe              |     9 |       ||     9
Dodge: Dodged            |    83 |    12 ||    95

Table legend: (Time is in decaauts)
 A = Elapsed time spent in this place.
 B = Non-inter-level travel time spent in this place.
 C = Inter-level travel time spent in this place.
 D = Time resting spent in this place.
 E = Time spent auto-exploring this place.
 F = Levels seen in this place.
 G = Mean time per level.
                   A        B        C        D        E       F      G
               +--------+--------+--------+--------+--------+-----+--------+
         Total |   1393 |   1379 |     14 |      0 |   1118 |   2 |  696.5 |
       Dungeon |   1393 |   1379 |     14 |      0 |   1118 |   2 |  696.5 |
               +--------+--------+--------+--------+--------+-----+--------+

Top non-repeatable levels by time:
     D:1: 1215 daAuts
     D:2: 177 daAuts
